Map: Kairos Junction LE

Players

Jason - Winner!

  • Race: Terran Terran
  • League: Grandmaster
  • Spawn Location: 5:00

Rob

  • Race: Protoss Protoss
  • League: Grandmaster
  • Spawn Location: 11:00

VOD

Have the link to the VOD?

Description

Time

  • Played on: May 13, 2019, 2:39 p.m.
  • Length: 14:26
Show
View Real Time Build Order
Export as new Build Order

Jason Terran - Winner!

Build Orders: Gas First Reaper Expand 

Get SALT Encoding   

  12  0:00  SCV  
  13  0:12  SCV  
  14  0:17  Supply Depot  
  14  0:25  SCV  
  15  0:29  Refinery  
  15  0:39  SCV  
  16  0:45  Barracks  
  16  0:51  SCV  
  17  1:03  SCV  
  18  1:15  SCV  
  19  1:32  Reaper, Orbital Command  
  20  1:48  Command Center  
  20  1:58  SCV  
  21  2:03  Factory  
  21  2:07  Barracks Reactor  
  21  2:10  SCV  
  22  2:16  Supply Depot  
  22  2:21  Refinery  
  22  2:23  SCV  
  23  2:33  Barracks  
  23  2:38  SCV  
  23  2:44  Marine x2  
  26  2:53  Starport  
  26  2:55  Factory Tech Lab  
  26  2:58  SCV  
  27  3:06  Orbital Command  
  27  3:08  Marine  
  27  3:11  Marine  
  29  3:13  SCV  
  30  3:27  Marine x2  
  30  3:29  SCV  
  31  3:37  SCV  
  32  3:41  SCV  
  32  3:44  Raven  
  32  3:48  Barracks Tech Lab  
  35  3:49  SCV  
  35  3:53  SCV, Bunker  
  35  3:55  Barracks  
  37  3:58  Marine x2  
  39  4:03  SCV  
  39  4:07  SCV, Supply Depot  
  41  4:10  Stimpack  
  41  4:12  Marine  
  41  4:15  SCV  
  43  4:19  SCV, Marine  
  43  4:20  Marine  
  46  4:26  Factory Reactor  
  46  4:30  Supply Depot  
  46  4:32  SCV  
  46  4:37  SCV, Engineering Bay  
  48  4:41  Refinery  
  48  4:43  Starport Reactor, Marine  
  48  4:44  SCV, Marine  
  51  4:49  SCV  
  51  4:52  Marauder  
  54  4:53  Combat Shield  
  54  4:57  SCV  
  55  5:00  Marine  
  55  5:01  SCV  
  55  5:06  Missile Turret  
  57  5:09  Widow Mine  
  57  5:12  SCV  
  60  5:14  Terran Infantry Weapons Level 1  
  60  5:15  Marine x2  
  60  5:20  Supply Depot  
  62  5:25  Supply Depot  
  62  5:27  Missile Turret  
  62  5:42  SCV x2, Widow Mine x2, Marauder  
  71  5:43  Marauder  
  71  5:47  Medivac  
  71  5:48  Supply Depot  
  71  5:51  Medivac, Marine  
  71  5:53  Marine  
  71  5:54  SCV x2  
  77  6:03  Marine  
  77  6:04  Marauder  
  80  6:06  SCV  
  80  6:07  Widow Mine x2  
  80  6:09  Marine  
  86  6:11  Marine  
  86  6:14  SCV  
  86  6:15  Concussive Shells  
  88  6:18  Supply Depot  
  88  6:19  Supply Depot  
  88  6:23  SCV  
  88  6:25  Marine  
  88  6:26  SCV, Marine  
  88  6:28  Medivac  
  93  6:32  Marine  
  93  6:39  Marine  
  94  6:40  Medivac  
  94  6:43  Marine  
  94  6:44  Marauder  
  100  6:47  Supply Depot  
  100  6:48  Supply Depot  
  100  6:50  Marine  
  101  6:55  SCV x2  
  101  6:57  Marine  
  104  7:01  Marine  
  104  7:03  Widow Mine  
  81  7:17  Marine x2  
  81  7:18  SCV x2, Widow Mine  
  81  7:19  Marine  
  81  7:23  Command Center  
  83  7:30  Marauder, SCV  
  83  7:34  Marine x2  
  87  7:37  SCV  
  87  7:40  Refinery  
  87  7:42  SCV  
  88  7:48  Barracks, Marine  
  88  7:49  SCV, Barracks  
  90  7:52  Widow Mine  
  90  7:53  Marine x2  
  90  7:54  SCV  
  90  7:57  Marauder  
  97  8:01  SCV  
  97  8:02  Terran Infantry Armor Level 1  
  98  8:06  SCV  
  98  8:07  Marauder  
  98  8:11  Marine  
  98  8:12  Widow Mine  
  104  8:13  SCV  
  105  8:23  Liberator x2  
  100  8:30  Marauder x2  
  100  8:31  SCV x2  
  100  8:34  Ghost Academy  
  105  8:35  Sensor Tower  
  105  8:36  Marine  
  112  8:43  SCV  
  112  8:44  Orbital Command  
  112  8:46  SCV  
  112  8:47  Marine  
  115  8:52  Marauder x2  
  119  8:57  SCV  
  119  8:58  Barracks Tech Lab x2  
  119  9:01  Refinery  
  119  9:02  Marine  
  121  9:11  SCV  
  121  9:13  Ghost x2  
  126  9:18  Ghost  
  128  9:29  Ghost  
  128  9:30  Liberator  
  120  9:31  Marine  
  120  9:32  Liberator  
  120  9:33  Marine  
  120  9:35  SCV x2  
  120  9:37  SCV  
  125  9:39  Refinery  
  125  9:41  Ghost x2  
  125  9:45  Supply Depot x2  
  129  9:47  SCV, Marine, Supply Depot  
  129  9:48  SCV  
  129  9:49  SCV, Marine  
  129  9:51  Marine  
  141  10:05  Marine  
  141  10:06  SCV, Marine  
  142  10:07  Marine  
  142  10:10  Marauder  
  142  10:13  Liberator  
  142  10:14  Marauder, Liberator, Marine  
  144  10:23  Command Center, Marine  
  150  10:45  Marine  
  150  10:52  Widow Mine x2  
  150  10:53  Marine  
  150  10:58  Supply Depot x3  
  150  10:59  Ghost x2, Marine  
  150  11:00  Marauder  
  157  11:08  Marine  
  156  11:11  Marine  
  156  11:14  Engineering Bay  
  156  11:16  Armory  
  156  11:17  Medivac  
  156  11:18  Marauder  
  159  11:21  Marauder  
  159  11:24  Widow Mine  
  163  11:26  Marine  
  163  11:28  Marauder, Sensor Tower  
  166  11:37  SCV  
  166  11:38  Orbital Command  
  167  11:46  Marauder, Marine x3  
  165  11:57  Medivac x2  
  167  12:09  Marine x2  
  167  12:10  Marauder  
  167  12:11  Marauder, Marine x2  
  174  12:20  Supply Depot  
  174  12:27  Medivac, Marine x2  
  174  12:28  Ghost x2  
  182  12:31  Marine  
  182  12:36  Ghost  
  184  12:45  Marine  
  184  12:47  Marine  
  184  12:49  Marauder  
  182  12:57  Marine  
  182  12:58  Marauder  
  185  13:03  Marine  
  185  13:05  Marine x2  
  180  13:11  Marauder  
  177  13:19  Marine x2  
  162  13:21  Viking x2, Marine  
  162  13:23  Marauder, Starport  
  162  13:25  Starport, Marine  
  170  13:31  Marine  
  171  13:37  Marine  
  171  13:38  Marauder, Marine  
  175  13:45  Marauder  
  177  13:48  Marine  
  177  13:49  Marine  
  177  13:50  Widow Mine  
  177  13:54  Widow Mine  
  184  13:55  Marauder  
  184  13:56  Marine  
  184  13:59  Marauder  
  190  14:06  Marine x2  
Show
View Real Time Build Order
Export as new Build Order

Rob Protoss 

Build Orders: 1 Gate Expand, Phoenix Opening 

Get SALT Encoding   

  12  0:00  Probe  
  13  0:12  Probe  
  14  0:16  Pylon  
  14  0:24  Probe  
  15  0:32  Probe  
  15  0:36  Gateway  
  15  0:41  Probe  
  16  0:46  Assimilator  
  17  0:54  Probe  
  18  1:06  Probe  
  19  1:18  Probe  
  20  1:24  Nexus  
  20  1:35  Cybernetics Core  
  20  1:37  Probe  
  21  1:43  Assimilator  
  21  1:50  Probe  
  22  1:56  Pylon  
  22  2:02  Probe  
  22  2:04  Adept  
  23  2:11  Warp Gate  
  23  2:14  Probe  
  26  2:26  Stalker, Probe  
  27  2:34  Probe  
  29  2:38  Probe  
  29  2:42  Probe  
  31  2:50  Probe  
  33  2:55  Probe  
  33  2:58  Stargate  
  34  3:02  Probe  
  35  3:08  Stalker, Probe  
  38  3:14  Probe  
  38  3:19  Pylon  
  39  3:21  Probe  
  39  3:26  Probe  
  41  3:33  Phoenix, Probe  
  42  3:39  Probe  
  43  3:45  Probe  
  43  3:48  Robotics Facility  
  46  3:50  Pylon  
  46  3:51  Forge, Gateway  
  46  3:53  Gateway  
  46  3:55  Probe  
  47  3:59  Phoenix  
  47  4:02  Probe  
  50  4:07  Probe  
  50  4:08  Shield Battery  
  51  4:14  Probe  
  51  4:16  Phoenix  
  52  4:19  Assimilator  
  52  4:21  Assimilator  
  52  4:23  Probe  
  55  4:26  Probe  
  56  4:37  Phoenix  
  57  4:38  Probe  
  59  4:49  Pylon  
  59  4:54  Phoenix  
  59  4:55  Protoss Ground Weapons Level 1  
  59  5:02  Nexus  
  59  5:03  Pylon  
  59  5:04  Probe  
  59  5:07  Probe  
  63  5:12  Immortal  
  63  5:18  Twilight Council  
  63  5:21  Probe x2  
  69  5:24  Adept x2  
  73  5:28  Adept  
  73  5:33  Probe x2  
  77  5:48  Probe  
  78  5:52  Pylon  
  78  5:55  Pylon  
  78  5:56  Templar Archives  
  78  5:58  Charge  
  78  6:08  Immortal  
  78  6:10  Probe x2  
  84  6:12  Zealot  
  84  6:15  Zealot x2  
  90  6:22  Probe  
  90  6:24  Probe  
  93  6:25  Probe  
  93  6:28  Psionic Storm  
  93  6:33  Gateway x2  
  93  6:37  Gateway  
  93  6:42  Zealot x3  
  99  6:52  Pylon  
  99  6:53  Pylon  
  99  6:54  Pylon  
  99  7:04  Zealot x3  
  105  7:11  Phoenix  
  91  7:17  Probe x3  
  91  7:22  Assimilator  
  94  7:23  Assimilator  
  94  7:25  Immortal, Forge  
  98  7:30  High Templar x2, Photon Cannon  
  98  7:33  Phoenix  
  98  7:35  Pylon  
  102  7:38  Protoss Ground Armor Level 1  
  102  7:43  Probe x2  
  106  7:45  High Templar  
  106  7:46  High Templar  
  106  7:47  Zealot x2  
  114  8:00  Gateway x2  
  114  8:02  Phoenix, Observer, Pylon  
  116  8:06  Pylon  
  117  8:14  Zealot x3  
  123  8:22  Robotics Facility  
  123  8:25  Observer  
  119  8:30  Phoenix  
  121  8:42  Zealot x4  
  121  8:43  Zealot x2  
  121  8:46  Pylon x2  
  133  8:52  Pylon  
  133  8:59  Phoenix, Pylon  
  133  9:00  Robotics Bay  
  135  9:11  Stalker x3  
  135  9:12  Stalker x2  
  141  9:17  Probe x3  
  137  9:27  Blink  
  137  9:31  Stalker x3  
  145  9:53  Probe x3  
  145  9:56  High Templar x2  
  152  10:04  Zealot x3  
  152  10:05  Probe  
  110  10:16  Probe x2  
  110  10:17  Probe  
  110  10:23  Zealot x3  
  116  10:31  Probe x3  
  119  10:37  High Templar x2  
  119  10:38  High Templar x3  
  119  10:42  Archon x2  
  127  10:54  Probe x2  
  125  10:57  Probe  
  125  11:02  Zealot x3  
  125  11:03  Probe x2  
  134  11:10  Probe  
  135  11:20  High Templar x2  
  135  11:21  High Templar x2  
  143  11:27  Probe x2  
  143  11:29  Archon  
  143  11:30  Archon  
  143  11:31  Probe  
  144  11:44  Pylon  
  144  11:48  Pylon  
  144  11:51  Colossus  
  144  11:52  Pylon  
  144  12:02  Probe x3  
  153  12:16  High Templar x3  
  153  12:17  High Templar  
  155  12:37  Disruptor  
  155  12:41  Stalker x4  
  160  12:52  Stalker x2  
  164  13:04  Archon  
  132  13:18  Zealot x6  
  128  13:20  Disruptor  
  128  13:26  Probe x2  
  133  13:42  Robotics Facility  
  133  13:46  High Templar  
  135  13:59  Nexus  
  135  14:01  Pylon  
  135  14:04  Stalker  
  135  14:05  Stalker x4  
  144  14:12  Zealot x2  
Tags
 
Add a new tag
Caveats
  • Supply blocks, unpowered buildings, or Contaminate may cause inaccurate times.
  • Supply counts are checked every 10 seconds.